 Dungeon Crawl Stone Soup version 0.19-a0-811-gf4045fb (webtiles) character file.

1145 Ijustatesigmund the Shield-Bearer (level 8, -4/62 HPs)
             Began as a Formicid Fighter on June 28, 2016.
             Slain by a thrashing horror (21 damage)
             ... on level 1 of the Abyss.
             The game lasted 00:09:38 (3921 turns).

Ijustatesigmund the Shield-Bearer (FoFi)            Turns: 3921, Time: 00:09:39

Health: -4/62      AC:  9    Str: 20    XL:     8   Next: 64%
Magic:  8/8        EV:  9    Int:  9    God:
Gold:   157        SH: 11    Dex: 12    Spells: 0 memorised, 7 levels left

rFire  + . .     SeeInvis +     a - +0 war axe
rCold  . . .     Gourm    .     l - +0 scale mail (curse)
rNeg   + . .     Faith    .     c - +0 shield
rPois  .         Spirit   .     (helmet unavailable)
rElec  .         Dismiss  .     (no cloak)
rCorr  .         Reflect  .     o - +0 pair of gloves (curse)
SustAt .         Harm     .     u - +0 pair of boots
MR     .....                    (no amulet)
Stlth  ..........               g - ring of protection from fire
                                j - ring of positive energy

@: not resistant to hostile enchantments, extremely unstealthy
A: permanent stasis, dig shafts and tunnels, four strong arms, antennae 3
a: Dig, Shaft Self


You were on level 1 of the Abyss.
You were not hungry.

You visited 1 branch of the dungeon, and saw 4 of its levels.
You visited the Abyss 1 time.
You also visited: Sewer.

You collected 157 gold pieces.

Inventory:

Hand Weapons
 a - a +0 war axe (weapon)
 h - a +1 vampiric short sword
Missiles
 n - 14 tomahawks (quivered)
Armour
 c - a +0 shield (worn)
 l - a cursed +0 scale mail (worn)
 o - a cursed +0 pair of gloves (worn)
 p - a +0 chain mail
 u - a +0 pair of boots (worn)
 w - a +1 robe of resistance
Jewellery
 e - an uncursed ring of sustain attributes
 g - a ring of protection from fire (right hand)
 j - a ring of positive energy (left hand)
Potions
 b - 2 potions of curing
 d - a potion of brilliance {unknown}
 q - 2 potions of haste {unknown}
 r - a potion of ambrosia {unknown}
 s - 2 potions of degeneration {unknown}
 t - 2 potions of heal wounds {unknown}
 z - a potion of magic {unknown}
Books
 m - a book of Debilitation

   Spells                             Type                      Level
   a - Corona                         Hexes                        1
   b - Slow                           Hexes                        2
   c - Gell's Gravitas                Hexes/Translocation          3
   d - Inner Flame                    Hexes/Fire                   3
   e - Cause Fear                     Hexes                        4
   f - Leda's Liquefaction            Hexes/Earth                  4
Comestibles
 f - 6 bread rations
 i - 2 meat rations
 k - 2 royal jellies
 v - a beef jerky


   Skills:
 + Level 5.0 Fighting
 + Level 7.1 Axes
 - Level 3.2 Armour
 + Level 7.9 Shields


You had 7 spell levels left.
You didn't know any spells.

Dungeon Overview and Level Annotations

Branches:
Dungeon (4/15)
 Temple: D:4-7

Altars:
Dithmenos
Hepliaklqana
Uskayaw
Zin

Annotations:
D:4 1 runed door


Innate Abilities, Weirdness & Mutations

You are under a permanent stasis effect.
You can dig through walls and to a lower floor.
Your four strong arms can wield two-handed weapons with a shield.
You have a pair of large antennae on your head. (SInv)


Message History

You are too injured to fight recklessly!
You are too injured to fight recklessly!
You are too injured to fight recklessly!
You are too injured to fight recklessly!
You are too injured to fight recklessly!
The thrashing horror roars!
You block the thrashing horror's attack.
The thrashing horror tramples you but does no damage.
You see here a fuming silvery potion.
You are too injured to fight recklessly!
You are too injured to fight recklessly!
You are too injured to fight recklessly!
You are too injured to fight recklessly!
You are too injured to fight recklessly!
You slash the thrashing horror!
The thrashing horror is almost destroyed.
You block the thrashing horror's attack. x2
The thrashing horror roars!
The thrashing horror tramples you!!
You die...

# .# # #.# # ####
### .### #.# ..... .
. ## ...# ...#..
#.#. . .##....# .###
#..#
#.......##.####!#..#
.. ###ยง.....@X##.#
. . #####.#..####..
. ###...#.. ..#
#.......#..#
#..#######.# #.. ..#
#.. .(. # . #.#. . #


You could see a thrashing horror.

Vanquished Creatures
  Pikel (D:4)
  Sigmund (D:3)
  An ogre (D:4)
  A scorpion (D:4)
  2 hounds (D:2)
  A centaur skeleton (D:4)
  2 giant frog skeletons (D:4)
  2 worker ants (D:4)
  The ghost of Amnesiac the Magician, a weakling DEWz (D:4)
  3 adders
  A gnoll (D:2)
  5 river rats (D:4)
  An ooze (D:1)
  A worm (D:4)
  4 dart slugs
  5 giant geckos
  7 orcs
  5 ball pythons
  9 bats
  3 giant cockroaches
  11 goblins
  5 hobgoblins
  3 jackals (D:3)
  2 quokkas
  5 giant newts
  9 kobolds
  13 rats
104 creatures vanquished.

Notes
Turn   | Place    | Note
--------------------------------------------------------------
     0 | D:1      | Ijustatesigmund the Formicid Fighter began the quest for the Orb.
     0 | D:1      | Reached XP level 1. HP: 18/18 MP: 1/1
   260 | D:1      | Reached XP level 2. HP: 22/24 MP: 2/2
   293 | D:1      | You fall through a shaft!
   420 | D:2      | Reached XP level 3. HP: 23/30 MP: 3/3
  1194 | D:1      | Reached XP level 4. HP: 34/37 MP: 4/4
  1474 | D:2      | Found a hide-covered altar of Uskayaw.
  1477 | D:2      | Found a glowing silver altar of Zin.
  1480 | D:2      | Found a shadowy altar of Dithmenos.
  1661 | D:2      | Reached skill level 5 in Fighting
  1661 | D:2      | Reached XP level 5. HP: 14/44 MP: 5/5
  2367 | D:3      | Found a hazy altar of Hepliaklqana.
  2588 | D:3      | Noticed Sigmund
  2706 | D:3      | Killed Sigmund
  2706 | D:3      | Reached skill level 5 in Shields
  2706 | D:3      | Reached XP level 6. HP: 19/51 MP: 6/6
  3108 | D:4      | Reached skill level 5 in Axes
  3108 | D:4      | Reached XP level 7. HP: 54/56 MP: 7/7
  3134 | D:4      | Noticed Amnesiac's ghost (weakling DEWz)
  3142 | D:4      | Killed Amnesiac's ghost
  3390 | D:4      | Found a runed door.
  3517 | D:4      | Noticed Pikel
  3537 | D:4      | Killed Pikel
  3537 | D:4      | Reached XP level 8. HP: 45/62 MP: 8/8
  3563 | D:4      | Found a glowing drain.
  3594 | Sewer    | Entered a sewer
  3851 | Sewer    | Cast into level 1 of the Abyss (big kobold)
  3898 | Abyss:1  | Noticed a thrashing horror
  3921 | Abyss:1  | Slain by a thrashing horror

Vault maps used:
D:1:      minmay_arrival_nine_rooms
D:2:      grunt_temple_overflow_diamond, first_bread, cheibrodos_gnoll_hut
D:3:      lemuel_crystal_altar, uniq_sigmund
D:4:      kennysheep_mini, portal_sewer_entry_b, st_stairs_11, uniq_edmund,
          uniq_pikel, uniq_crazy_yiuf_cottage
Abyss:1:  hangedman_eye_storm
Sewer:    sewer_co_tree

Skill      XL: |  1  2  3  4  5  6  7 |
---------------+----------------------+-----
Fighting       | 4 5 |  5.0
Axes           | 3 4 5 7 |  7.1
Shields        | 5 7 |  7.9
Armour         | |  3.2

Action                   |  1- 3 |  4- 6 |  7- 9 || total
-------------------------+-------+-------+-------++-------
Melee: War axe           |   104 |   145 |   105 ||   354
 Abil: Dig               |     1 |       |     1 ||     2
  Use: Scroll            |       |     4 |     1 ||     5
       Potion            |       |     1 |     1 ||     2
  Eat: Chunk             |     1 |     5 |     3 ||     9
       Pizza             |       |     1 |       ||     1
Armor: Scale mail        |    50 |   101 |    33 ||   184
Dodge: Dodged            |    45 |    64 |    27 ||   136
Block: Shield            |    51 |    90 |    64 ||   205
